 Dungeon Crawl Stone Soup version 0.29.1-15-g9cfb28693d (webtiles) character file.

Game seed: 10300545499871389951

4761 zeram the Skirmisher (level 10, -8/46 HPs)
             Began as a Spriggan Hunter on Mar 14, 2023.
             Was a Follower of Qazlal.
             Killed from afar by Erica (22 damage)
             ... with a bolt of poison
             ... on level 8 of the Dungeon.
             The game lasted 00:16:09 (9564 turns).

zeram the Skirmisher (Spriggan Hunter)              Turns: 9564, Time: 00:16:10

Health: -8/46      AC: 10    Str:  7    XL:     10   Next: 23%
Magic:  11/11      EV: 20    Int: 16    God:    Qazlal [*.....]
Gold:   998        SH:  1    Dex: 18    Spells: 6/9 levels left

rFire   . . .      SeeInvis +   a - +1 shortbow
rCold   . . .      Faith    .   (shield currently unavailable)
rNeg    + . .      Spirit   .   c - +2 robe
rPois   .          Reflect  .   o - +1 hat
rElec   .          Harm     .   w - +0 cloak
rCorr   .          Rampage  .   (gloves unavailable)
Will    +....                   (boots unavailable)
Stlth   ++........              (no amulet)
HPRegen 0.15/turn               l - ring of positive energy
MPRegen 0.12/turn               h - +4 ring of protection

@: lethally poisoned (-8 -> -21), about to teleport, invisible, very quick
A: very small, no large weapons, unfitting armour, see invisible, speed 3
a: Renounce Religion


You were on level 8 of the Dungeon.
You worshipped Qazlal.
Qazlal was aware of your devotion.
You visited 1 branch of the dungeon, and saw 8 of its levels.

You collected 998 gold pieces.

Inventory:

Hand Weapons
 a - a +1 shortbow (weapon)
Armour
 c - a +2 robe (worn)
 o - a +1 hat (worn)
 w - a +0 cloak (worn)
Jewellery
 h - a +4 ring of protection (right hand)
 l - a ring of positive energy (left hand)
 y - a ring of fire
Wands
 f - a wand of iceblast (24)
 q - a wand of digging (2)
 A - a wand of charming (14)
 C - a wand of acid (6)
Scrolls
 b - 2 scrolls of immolation
 t - 3 scrolls of noise
 u - a scroll of teleportation
 B - a scroll of magic mapping
 D - a scroll of amnesia
Potions
 d - a potion of might
 e - a potion of lignification
 i - 4 potions of flight
 j - 4 potions of curing
 k - a potion of invisibility
 m - a potion of ambrosia {unknown}
 n - 2 potions of magic
 p - 2 potions of degeneration
 r - 2 potions of attraction {unknown}
 s - a potion of brilliance {unknown}
 v - 2 potions of haste {unknown}
 x - 2 potions of berserk rage {unknown}
 z - 2 potions of mutation {unknown}


   Skills:
 - Level 1.5 Fighting
 * Level 14.9 Ranged Weapons
 + Level 5.5 Dodging
 - Level 1.5 Stealth
 + Level 0.5 Evocations


You had 6 spell levels left.
You knew the following spells:

 Your Spells              Type           Power      Damage    Failure   Level
a - Tukima's Dance        Hex            0%         N/A       58%         3

Your spell library contained the following spells:

 Spells                   Type           Power      Damage    Failure   Level
 Beastly Appendage        Tmut           0%         N/A       26%         1
 Foxfire                  Conj/Fire      0%         2x1d4     26%         1
 Sandblast                Erth           0%         2d4       26%         1
 Slow                     Hex            0%         N/A       26%         1
 Sting                    Tmut/Pois      0%         1d3       26%         1
 Passwall                 Tmut/Erth      0%         N/A       36%         2
 Poisonous Vapours        Pois/Air       0%         N/A       36%         2
 Wereblood                Tmut           0%         N/A       36%         2
 Confusing Touch          Hex            0%         N/A       58%         3
 Conjure Flame            Conj/Fire      0%         6-21      58%         3
 Frozen Ramparts          Ice            0%         1d1       58%         3
 Ignite Poison            Fire/Tmut/Pois 0%         N/A       58%         3
 Inner Flame              Hex/Fire       0%         N/A       58%         3
 Mephitic Cloud           Conj/Pois/Air  0%         N/A       58%         3
 Spider Form              Tmut/Pois      0%         N/A       58%         3
 Stone Arrow              Conj/Erth      0%         3d7       58%         3
 Vampiric Draining        Necr           0%         2d6       58%         3
 Corpse Rot               Necr/Pois/Air  0%         N/A       94%         4
 Flame Wave               Conj/Fire      0%         2d4       94%         4
 Ice Form                 Ice/Tmut       0%         N/A       94%         4
 Olgreb's Toxic Radiance  Pois           0%         N/A       94%         4
 Passage of Golubria      Tloc           0%         N/A       94%         4
 Summon Ice Beast         Ice/Summ       0%         N/A       94%         4
 Freezing Cloud           Conj/Ice/Air   0%         6-21      100%        5
 Yara's Violent Unravell  Hex/Tmut       0%         3d3       100%        5


Dungeon Overview and Level Annotations

Branches:
Dungeon (8/15)             Temple (0/1) D:7            Lair (0/5) D:8

Altars:
Nemelex Xobeh
Okawaru
Qazlal
Sif Muna
Wu Jian
Yredelemnul

Shops:
D:2 [

Annotations:
D:5 3 runed translucent doors, Chatter's ghost, novice MiBe
D:8 Erica


Innate Abilities, Weirdness & Mutations

You are very small and have problems with some larger weapons.
You are too small for most types of armour.
You have supernaturally acute eyesight. (SInv)
You cover ground extremely quickly. (Speed+++)


Message History

You shoot an arrow. The arrow hits Erica!
Erica is severely wounded.
Erica points at you and mumbles some strange words.
The bolt of poison hits you!!
You are poisoned.
Ouch! That really hurt!
Okay, then.
You feel better. Erica gestures at you while chanting.
You are confused.
Okay, then.
You are too confused!
Unknown command.
Erica mumbles some strange words.
Erica flickers and vanishes for a moment.
Unknown command.
You bump into the rock wall.
Erica casts a spell at you. The lance of force hits you!
* * * LOW HITPOINT WARNING * * *
You are knocked back by the lance of force.
You slam into the rock wall!
* * * LOW HITPOINT WARNING * * *
You feel much better.
You feel less confused.
You fade into invisibility!
Erica points at you and mumbles some strange words.
The bolt of poison hits you!!
You are poisoned.
Ouch! That really hurt!
* * * LOW HITPOINT WARNING * * *
You feel better. Erica casts a spell at you. You resist with almost no effort.
As you read the scroll of teleportation, it crumbles to dust.
You feel strangely unstable. Erica gestures at you while chanting.
The bolt of poison hits you!!
You are poisoned.
You die...

#.#.###.##.....#......#.##≈
#.#..........#.#......#.###
#.#####.##.###..#+#...#.# #
#. ...................'.###
#. ......#.####..##...#....
#.########.#..........+....
#.########.##.##.######....
#.......@.....##.# #....
#..!..#######@#..##.# #....
........#
#.#.###.######....
........+
#....^............
....)...#
.########.#######.#
......... ........#.# #.#
...###### ####.#.#######.#
... #..............#
#.##.##...#####
######+###.##.####.#


You could see Erica (invisible, unable to see you).

Vanquished Creatures
  A two-headed ogre (D:7)
  Prince Ribbit (D:7)
  Sigmund (D:4)
  A wyvern (D:8)
  A wraith (D:8)
  A steam dragon (D:7)
  2 wargs
  Menkaure (D:5)
  4 water moccasins
  An ice beast (D:6)
  An orc warrior (D:8)
  A sky beast (D:7)
  A black bear (D:8)
  An ogre (D:5)
  2 centaurs (D:8)
  A kobold brigand (D:7)
  3 phantoms
  A bullfrog (D:7)
  2 necrophages
  14 killer bees
  An electric eel (D:6)
  3 howler monkeys (D:7)
  A lava snake (D:8)
  5 hounds
  2 jellies
  5 orc priests
  An iguana (D:6)
  5 orc wizards
  7 gnolls
  7 adders
  2 white imps
  2 ufetubi
  2 worms
  2 dart slugs
  19 orcs
  4 ball pythons
  9 endoplasms
  3 giant cockroaches
  9 hobgoblins
  7 jackals
  11 kobolds
  2 quokkas
  6 bats
  A frilled lizard (D:1)
  4 goblins
  5 rats
166 creatures vanquished.

Notes
Turn   | Place    | Note
-------+----------+-------------------------------------------
     0 | D:1      | zeram the Spriggan Hunter began the quest for the Orb.
     0 | D:1      | Reached XP level 1. HP: 10/10 MP: 2/2
    49 | D:1      | Got the Guide on the Stinger
   531 | D:1      | Reached XP level 2. HP: 14/14 MP: 3/3
   962 | D:2      | Reached skill level 5 in Ranged Weapons
   962 | D:2      | Reached XP level 3. HP: 16/18 MP: 4/4
  1123 | D:2      | Found Pifas's Armour Shoppe.
  1321 | D:2      | Found a faded altar of an unknown god.
  1337 | D:2      | Reached XP level 4. HP: 22/22 MP: 5/5
  1697 | D:3      | Reached skill level 6 in Ranged Weapons
  1734 | D:3      | Learned a level 3 spell: Tukima's Dance
  2162 | D:3      | Reached XP level 5. HP: 22/25 MP: 6/6
  2266 | D:3      | Identified a scroll of acquirement
  2266 | D:3      | Acquired 684 gold pieces
  2538 | D:3      | Found a sparkling altar of Nemelex Xobeh.
  2716 | D:4      | Reached skill level 7 in Ranged Weapons
  2730 | D:4      | Noticed Sigmund
  2735 | D:4      | Killed Sigmund
  2736 | D:4      | Reached XP level 6. HP: 23/30 MP: 7/7
  2761 | D:4      | Reached skill level 8 in Ranged Weapons
  3570 | D:4      | Reached XP level 7. HP: 26/33 MP: 8/8
  3749 | D:5      | Entered Level 5 of the Dungeon
  3872 | D:5      | Noticed Menkaure
  4342 | D:5      | Reached skill level 9 in Ranged Weapons
  4805 | D:5      | Found an ornate altar of the Wu Jian Council.
  5111 | D:5      | Found a runed translucent gate.
  5111 | D:5      | Found a runed translucent gate.
  5111 | D:5      | Found a runed translucent gate.
  5113 | D:5      | Noticed Chatter's ghost (novice MiBe)
  5225 | D:5      | Killed Menkaure
  5226 | D:5      | Reached skill level 10 in Ranged Weapons
  5226 | D:5      | Reached XP level 8. HP: 31/37 MP: 9/9
  5690 | D:6      | Found a basalt altar of Yredelemnul.
  5764 | D:6      | Found a shimmering blue altar of Sif Muna.
  5785 | D:6      | Found a stormy altar of Qazlal.
  6017 | D:6      | Reached skill level 11 in Ranged Weapons
  6186 | D:6      | Became a worshipper of Qazlal Stormbringer
  6469 | D:7      | Reached skill level 12 in Ranged Weapons
  6633 | D:7      | Reached XP level 9. HP: 41/41 MP: 10/10
  6853 | D:7      | Found a staircase to the Ecumenical Temple.
  6895 | D:7      | Noticed Prince Ribbit
  6909 | D:7      | Killed Prince Ribbit
  7034 | D:7      | Found an iron altar of Okawaru.
  7086 | D:7      | Reached skill level 13 in Ranged Weapons
  7990 | D:8      | Noticed a two-headed ogre
  8029 | D:7      | Killed a two-headed ogre
  8030 | D:7      | Reached skill level 5 in Dodging
  8155 | D:8      | Reached skill level 14 in Ranged Weapons
  8512 | D:7      | Reached XP level 10. HP: 41/46 MP: 11/11
  8592 | D:8      | Reached * piety under Qazlal
  8701 | D:8      | Found a staircase to the Lair.
  9536 | D:8      | Noticed Erica
  9564 | D:8      | Killed from afar by Erica

Illustrated notes

Levels and vault maps discovered:
D:1:      dpeg_arrival_court, layout_basic
D:2:      layout_basic, serial_shops, shop, basic_ecumenical_altar
D:3:      layout_loops_cross, nemelex_dance_club_becter,
          chequers_hall_statues_corner_a, minmay_randomly_rotated_circles
D:4:      layout_cave_pods, kennysheep_pointless_box, item_on_display_a,
          uniq_sigmund
D:5:      layout_loops_corners, nicolae_overflow_hidden_temple,
          ebering_ghost_rock_garden, chequers_serial_rivers_micro_d,
          amethyst_killhole, bh_walls_and_bars, uniq_menkaure
D:6:      layout_rooms, mainiacjoe_overflow_concentric_impassable,
          nicolae_overflow_squiral
D:7:      layout_basic, okawaru_metal_pillars_3,
          minmay_temple_entry_statues_pillars, uniq_prince_ribbit1
D:8:      layout_basic, erik_lair_orcish_takeover, kennysheep_cross_room,
          uniq_erica

Skill      XL: |  1  2  3  4  5  6  7  8  9 |
---------------+----------------------------+-----
Ranged Weapons | 5 6 7 8 10 12 14 | 14.9
Dodging        | 3 4 5 |  5.5
Fighting       | |  1.5
Stealth        | |  1.5
Evocations     | |  0.5

Action                   |  1- 3 |  4- 6 |  7- 9 | 10-12 || total
-------------------------+-------+-------+-------+-------++-------
 Fire: Shortbow          |    88 |   172 |   398 |   116 ||   774
Evoke: Wand              |       |       |     2 |     1 ||     3
  Use: Scroll            |       |    13 |     9 |     2 ||    24
       Potion            |       |       |     2 |     4 ||     6
Armor: Robe              |     5 |    19 |    51 |     6 ||    81
Dodge: Dodged            |    41 |    76 |   201 |    34 ||   352
